 Dungeon Crawl Stone Soup version 0.19.5 (webtiles) character file.

352 Gargoyl the Skirmisher (level 6, -1/52 HPs)
             Began as a Ghoul Abyssal Knight on Mar 18, 2017.
             Was a Follower of Lugonu.
             Slain by a hound (3 damage)
             ... on level 4 of the Dungeon.
             The game lasted 00:06:07 (2597 turns).

Gargoyl the Skirmisher (Ghoul Abyssal Knight)       Turns: 2597, Time: 00:06:07

Health: -1/52      AC:  8    Str: 16    XL:     6   Next: 62%
Magic:  7/7        EV: 10    Int:  7    God:    Lugonu [*.....]
Gold:   127        SH:  0    Dex: 10    Spells: 0 memorised, 5 levels left

rFire  + . .     SeeInvis .     d - +0 broad axe
rCold  + . .     Gourm    .     o - +2 scale mail {rC+}
rNeg   + + +     Faith    .     (no shield)
rPois  ∞         Spirit   .     (no helmet)
rElec  .         Reflect  .     (no cloak)
rCorr  .         Harm     .     (no gloves)
MR     .....                    (no boots)
Stlth  ..........               (no amulet)
                                (no ring)
                                f - ring of fire

@: confused, rotting
A: rotting body, claws 1, carnivore 3, cold resistance 1, negative energy
resistance 3, slow regeneration 1, torment resistance, unbreathing
a: Depart the Abyss, Renounce Religion


You were on level 4 of the Dungeon.
You worshipped Lugonu.
Lugonu was aware of your devotion.
You were not hungry.

You visited 1 branch of the dungeon, and saw 5 of its levels.
You visited the Abyss 1 time.

You collected 127 gold pieces.

Inventory:

Hand Weapons
 a - a +1 hand axe
 d - a +0 broad axe (weapon)
Missiles
 e - 5 javelins (quivered)
Armour
 o - a +2 scale mail of cold resistance (worn)
Jewellery
 f - a ring of fire (left claw)
 q - a +4 ring of strength {unknown}
 s - an uncursed ring of resist corrosion {unknown}
Wands
 r - a wand of digging (17/24)
Scrolls
 g - 3 scrolls of remove curse
 j - 5 scrolls of identify
 k - a scroll of recharging
Potions
 b - 2 potions of flight
 n - a potion of berserk rage
Comestibles
 c - 2 meat rations
 m - a slice of pizza


   Skills:
 + Level 4.1 Fighting
 + Level 3.6 Axes
 * Level 3.5 Armour
 + Level 1.7 Dodging
 * Level 3.6 Invocations


You had 5 spell levels left.
You didn't know any spells.

Dungeon Overview and Level Annotations

Branches:
Dungeon (5/15)
 Temple: D:4-7

Altars:
Elyvilon

Shops:
D:4 *


Innate Abilities, Weirdness & Mutations

Your body is rotting away.
You thrive on raw meat.
You are immune to poison.
You have sharp fingernails.
You are carnivorous and can eat meat at any time.
Your flesh is cold resistant. (rC+)
You are immune to negative energy. (rN+++)
You regenerate slowly when monsters are visible.
You are immune to unholy pain and torment.
You can survive without breathing.


Message History

You kill the orc!
Lugonu accepts your kill. The hound completely misses you.
You hear some strange, mumbled words.
You are more confused.
The hound bites you but does no damage. Something hits you but does no damage.
Unknown command.
You're too confused!
Okay, then.
The hound barely misses you.
Unknown command.
You closely miss the hound.
The hound is heavily wounded.
An orc wizard appears from thin air!
Reactivating autopickup.
The hound bites you but does no damage. The hound barely misses you.
You barely miss the hound.
The hound is heavily wounded.
The hound closely misses you. The hound bites you.
You die...

.......#. .......
### ...#.## ....#
#.#...
8.8.8.##.#.###..#
.⌠.⌠...)[)...#..#
8.∩.8###.#.#.#..#
.⌠.⌠....oh.#.#%.#
8.8.8....@...#..#
###.###.#####..#
### # #.....#..#
#####..
#####.#..####......
#.#.)..>'......
#.#.#####......
#.#(# #......
######.#.###
#......
............#
#....##


You could see a hound and an orc wizard.

Vanquished Creatures
  The ghost of Sanvar the Changer, an amateur OpTm (D:3)
  A wyvern zombie (D:4)
  A howler monkey (D:4)
  A hound (D:4)
  An orc priest (D:4)
  A bullfrog skeleton (D:4)
  A worker ant (D:4)
  2 adders (D:3)
  3 worms
  A dart slug (D:1)
  A leopard gecko (D:5)
  8 orcs
  3 giant cockroaches
  6 goblins
  3 hobgoblins (D:1)
  A quokka (D:2)
  4 bats
  2 frilled lizards
  A kobold (D:2)
  4 rats
46 creatures vanquished.

Notes
Turn   | Place    | Note
-------+----------+-------------------------------------------
     0 | Abyss:1  | Gargoyl the Ghoul Abyssal Knight began the quest for the Orb.
     0 | Abyss:1  | Reached XP level 1. HP: 19/19 MP: 1/1
    80 | Abyss:2  | Noticed a smoke demon
    80 | D:1      | Escaped the Abyss
   452 | D:1      | Reached * piety under Lugonu
   564 | D:1      | Reached XP level 2. HP: 24/26 MP: 2/2
   997 | D:2      | Reached skill level 1 in Dodging
  1374 | D:3      | Reached XP level 3. HP: 32/32 MP: 3/3
  1657 | D:3      | Noticed Sanvar's ghost (amateur OpTm)
  1657 | D:3      | Found a white marble altar of Elyvilon.
  1665 | D:3      | Killed Sanvar's ghost
  1665 | D:3      | Reached XP level 4. HP: 24/40 MP: 3/5
  1682 | D:3      | Reached skill level 4 in Fighting
  1682 | D:3      | Reached XP level 5. HP: 42/46 MP: 4/6
  2192 | D:4      | Reached XP level 6. HP: 10/52 MP: 7/7
  2343 | D:5      | Entered Level 5 of the Dungeon
  2560 | D:4      | Found Sozoruwe's Assorted Antiques.
  2592 | D:4      | HP: 1/52 [hound (4)]
  2597 | D:4      | Slain by a hound

Skill      XL: |  1  2  3  4  5 |
---------------+----------------+-----
Axes           | 2 3 |  3.6
Dodging        | 1 |  1.7
Armour         | 2 3 |  3.5
Fighting       | 4 |  4.1
Invocations    | 3 |  3.6

Action                   |  1- 3 |  4- 6 || total
-------------------------+-------+-------++-------
Melee: Broad axe         |   103 |   122 ||   225
Invok: Depart the Abyss  |     1 |       ||     1
  Use: Scroll            |     8 |       ||     8
       Potion            |       |     8 ||     8
  Eat: Chunk             |    14 |    19 ||    33
Armor: Scale mail        |    67 |   111 ||   178
Dodge: Dodged            |    52 |    95 ||   147
